 Dungeon Crawl Stone Soup version 0.27-a0-550-ge92ec0ca06 (webtiles) character file.

Game seed: 519381832491972842

14574 tatocazan the Cleaver (level 11, 0/97 HPs)
             Began as a Minotaur Fighter on Mar 8, 2021.
             Was a High Priest of Okawaru.
             Slain by an ice devil (4 damage)
             ... summoned by an orc high priest
             ... while paralysed by an orc sorcerer
             ... on level 2 of the Orcish Mines.
             The game lasted 00:15:49 (14220 turns).

tatocazan the Cleaver (Minotaur Fighter)           Turns: 14220, Time: 00:15:50

Health: 0/97       AC: 22    Str: 25      XL:     11   Next: 90%
Magic:  8/14       EV:  2    Int:  6 (7)  God:    Okawaru [*****.]
Gold:   907        SH:  0    Dex:  9      Spells: 10/10 levels left

rFire    . . .     SeeInvis +   D - +8 hand axe of Odghi {vorpal, rElec}
rCold    + . .     Faith    .   c - +0 kite shield
rNeg     . . .     Spirit   .   v - +3 plate armour of Parlour Games {rElec Int+2}
rPois    .         Reflect  .   l - +0 hat
rElec    +         Harm     .   (no cloak)
rCorr    .         Rampage  .   (no gloves)
Will     .....                  p - +0 pair of boots
Stlth    ..........             O - amulet of the acrobat
HPRegen  0.26/turn              q - ring of protection from cold
MPRegen  0.14/turn              G - ring of see invisible

@: paralysed, heroic, finesse-ful
A: horns 2, retaliatory headbutt
a: Renounce Religion, Heroism, Finesse


You were on level 2 of the Orcish Mines.
You worshipped Okawaru.
Okawaru was extremely pleased with you.
You visited 3 branches of the dungeon, and saw 14 of its levels.

You collected 1180 gold pieces.
You spent 273 gold pieces at shops.

Inventory:

Hand Weapons
 a - a +0 war axe
 A - a +1 hand axe of electrocution
 D - the +8 hand axe of Odghi (weapon) {vorpal, rElec}
   (You bought it in a shop on level 9 of the Dungeon)

   It inflicts extra damage upon your enemies.
   It insulates you from electricity.
Missiles
 m - 6 atropa-tipped darts (quivered)
 B - 2 throwing nets
 N - 2 boomerangs
Armour
 c - a +0 kite shield (worn)
 l - a +0 hat (worn)
 p - a +0 pair of boots (worn)
 v - the +3 plate armour of Parlour Games (worn) {rElec Int+2}
   (You found it on level 5 of the Dungeon)

   It affects your intelligence (+2).
   It insulates you from electricity.
Jewellery
 q - a ring of protection from cold (left hand)
 x - a ring of flight
 G - a ring of see invisible (right hand)
 M - an amulet of guardian spirit
 O - an amulet of the acrobat (around neck)
Wands
 t - a wand of iceblast (20)
 y - a wand of polymorph (10)
 F - a wand of flame (21)
Scrolls
 b - 2 scrolls of fear {unknown}
 d - 4 scrolls of fog {unknown}
 f - a scroll of enchant armour {unknown}
 g - 6 scrolls of teleportation
 h - 3 scrolls of amnesia {unknown}
 i - 12 scrolls of identify {unknown}
 j - 2 scrolls of noise {unknown}
 n - a scroll of magic mapping {unknown}
 r - 2 scrolls of blinking {unknown}
 u - 2 scrolls of enchant weapon {unknown}
 z - a scroll of torment {unknown}
 C - a scroll of immolation {unknown}
 I - a scroll of vulnerability {unknown}
Potions
 e - 11 potions of curing
 k - 2 potions of might
 o - 2 potions of brilliance {unknown}
 s - 2 potions of flight {unknown}
 w - 2 potions of cancellation {unknown}
 J - a potion of mutation {unknown}
 K - 2 potions of haste {unknown}
 L - a potion of heal wounds
 P - a potion of resistance {unknown}
Miscellaneous
 E - a box of beasts
 H - a phantom mirror


   Skills:
 + Level 9.3(14.3) Fighting
 * Level 12.1(17.1) Axes
 * Level 11.7(16.7) Armour
 + Level 7.6(12.6) Dodging
 + Level 9.3(14.3) Shields
 + Level 5.8 Invocations


You had 10 spell levels left.
You didn't know any spells.
Your spell library contained the following spells:

 Spells                   Type           Power      Damage    Failure   Level
 Bolt of Magma            Conj/Fire/Erth 0%         4d4       100%        5
 Iskenderun's Battlesphe  Conj           0%         2d6       100%        5
 Iron Shot                Conj/Erth      0%         9d1       100%        6
 Orb of Destruction       Conj           0%         N/A       100%        7
 Spellforged Servitor     Conj/Summ      0%         N/A       100%        7


Dungeon Overview and Level Annotations

Branches:
Dungeon (11/15)            Temple (1/1) D:4            Lair (0/6) D:9
    Orc (2/2) D:9             Elf (0/3) Orc:2

Altars:
Ashenzari
Cheibriados
Dithmenos
Elyvilon
Fedhas
Gozag
Hepliaklqana
Kikubaaqudgha
Makhleb
Nemelex Xobeh
Okawaru
Qazlal
Ru
Sif Muna
Trog
Uskayaw
Vehumet
Wu Jian
Xom
Yredelemnul
Zin
The Shining One

Shops:
D:9 !([   Orc:2 (

Annotations:
Orc:1 3 runed translucent doors, TarVian's ghost, journeyman MiFi


Innate Abilities, Weirdness & Mutations

You have a pair of horns on your head.
You reflexively headbutt those who attack you in melee.


Message History

You shrug off the repeated paralysis!
The neqoxec hits you but does no damage.
The orc warrior hits you with a +0 long sword.
The orc warrior barely misses you.
The orc knight roars a battlecry!
The orcs go into a battle-frenzy!
The hellwing hits you.
The hellwing hits you but does no damage.
The ice devil hits you but does no damage.
The orc high priest mumbles some strange prayers to Beogh against you.
Pain shoots through your body!
The orc sorcerer hits you but does no damage.
The neqoxec hits you but does no damage.
The orc warrior hits you with a +0 long sword.
The orc knight hits you with a +0 long sword.
The hellwing hits you but does no damage. x2
The orc warrior hits you from afar with a +0 glaive!
* * * LOW HITPOINT WARNING * * *
The orc high priest hits you but does no damage.
The ice devil hits you but does no damage.
The orc sorcerer mumbles some strange words.
The neqoxec hits you.
* * * LOW HITPOINT WARNING * * *
The hellwing hits you but does no damage. x2
The orc warrior hits you but does no damage.
The ice devil hits you but does no damage.
The orc knight hits you but does no damage.
The orc warrior hits you from afar with a +0 glaive.
* * * LOW HITPOINT WARNING * * *
The orc high priest completely misses you.
The orc sorcerer gestures at you while chanting.
You shrug off the repeated paralysis!
The neqoxec hits you but does no damage.
The hellwing hits you but does no damage.
The hellwing hits you.
* * * LOW HITPOINT WARNING * * *
The ice devil hits you!
* * * LOW HITPOINT WARNING * * *
The ice devil freezes you. You resist.
You die...

.......##..#.........o##......#
...................#..#.#[)..#
...............#...#....[[[..#
..................###.#..)..### .
.................#####.....#..#..
..................##.##.#......#
...........[.)[[o.....#..#....##
.......[[....[)o4o.#.#.......##
.........)..<.o3@oo..$...##.##
..............).o4...#..## ##
................4.......#
.......................##
.......^.......#......##
#..##.....##..###.##.## ###
########### ######


You could see an orc knight, an orc high priest (strong), a hellwing (summoned),
an ice devil (summoned), a neqoxec (summoned), a chaos spawn (summoned), an orc
sorcerer (strong), 3 orc warriors and an orc priest (strong).

Vanquished Creatures
  An orc warlord (Orc:1)
  Erica (D:8)
  2 two-headed ogres (D:9)
  An unseen horror (D:11)
  2 orc sorcerers (Orc:2)
  An ugly thing (D:10)
  A centaur zombie (D:11)
  A centaur skeleton (D:9)
  A gargoyle (D:10)
  A komodo dragon (D:9)
  A troll (Orc:1)
  Sigmund (D:4)
  2 wyverns
  3 basilisks (D:9)
  7 yaks
  An acid dragon (D:9)
  2 wargs (Orc:1)
  Duvessa (D:4)
  11 orc warriors
  A water moccasin (D:8)
  A black bear (D:10)
  3 ice beasts
  A sky beast (D:10)
  9 ogres
  7 centaurs
  2 phantoms
  Blork the orc (D:4)
  6 bullfrogs
  2 water moccasin zombies
  6 scorpions
  Dowan (D:4)
  5 wights (D:9)
  2 howler monkeys (D:8)
  A bullfrog zombie (D:10)
  11 orc priests
  3 jellies
  5 hounds
  3 bullfrog skeletons
  3 iguanas
  15 orc wizards
  8 worker ants
  A howler monkey zombie (D:8)
  A worker ant zombie (D:6)
  9 gnolls
  12 adders
  4 white imps
  An ufetubus (D:8)
  2 oozes (D:2)
  An adder skeleton (D:6)
  2 worms (D:3)
  2 dart slugs
  6 leopard geckos
  72 orcs
  5 giant cockroaches
  8 goblins
  9 hobgoblins
  20 jackals
  5 quokkas
  2 ball pythons
  8 bats
  9 frilled lizards
  A jackal skeleton (D:4)
  2 kobolds (D:3)
  4 rats
323 creatures vanquished.

Notes
Turn   | Place    | Note
-------+----------+-------------------------------------------
     0 | D:1      | tatocazan the Minotaur Fighter began the quest for the Orb.
     0 | D:1      | Reached XP level 1. HP: 19/19 MP: 0/0
   249 | D:1      | Reached XP level 2. HP: 27/27 MP: 1/1
   928 | D:2      | Reached skill level 3 in Axes
  1060 | D:2      | Reached XP level 3. HP: 19/33 MP: 2/2
  1448 | D:2      | Reached skill level 1 in Dodging
  1605 | D:2      | Reached XP level 4. HP: 39/40 MP: 3/3
  1682 | D:2      | Found a glowing golden altar of the Shining One.
  2304 | D:3      | Found a burning altar of Makhleb.
  2371 | D:3      | Reached skill level 4 in Axes
  2371 | D:3      | Reached XP level 5. HP: 30/47 MP: 4/4
  2800 | D:4      | Noticed Duvessa
  2800 | D:4      | Noticed Dowan
  2977 | D:4      | Killed Dowan
  2978 | D:4      | Reached XP level 6. HP: 46/53 MP: 5/5
  2980 | D:4      | Killed Duvessa
  2981 | D:4      | Reached skill level 5 in Axes
  2981 | D:4      | Reached skill level 5 in Armour
  3162 | D:4      | Noticed Sigmund
  3164 | D:4      | Noticed Blork the orc
  3171 | D:4      | Killed Blork the orc
  3172 | D:4      | Reached skill level 5 in Fighting
  3172 | D:4      | Reached skill level 5 in Shields
  3178 | D:4      | Killed Sigmund
  3179 | D:4      | Reached XP level 7. HP: 42/61 MP: 6/6
  3344 | D:4      | Reached skill level 6 in Axes
  3626 | D:4      | Found a shimmering altar of Xom.
  3798 | D:4      | Found a sacrificial altar of Ru.
  3857 | D:4      | Found a staircase to the Ecumenical Temple.
  3867 | Temple   | Entered the Ecumenical Temple
  3959 | D:5      | Entered Level 5 of the Dungeon
  4242 | D:5      | Found a hide-covered altar of Uskayaw.
  4631 | D:5      | Found an iron altar of Okawaru.
  4635 | D:5      | Became a worshipper of Warmaster Okawaru
  4700 | D:5      | Identified the +3 plate armour of Parlour Games {rElec
                  | Int+2}
  4730 | D:6      | Reached XP level 8. HP: 68/70 MP: 7/7
  4927 | D:6      | Reached skill level 7 in Axes
  5633 | D:7      | Reached skill level 1 in Invocations
  6429 | D:8      | Reached * piety under Okawaru
  6657 | D:8      | Found a glowing silver altar of Zin.
  6669 | D:8      | Noticed Erica
  6723 | D:8      | Killed Erica
  6723 | D:8      | Reached ** piety under Okawaru
  6724 | D:8      | Reached skill level 8 in Axes
  6724 | D:8      | Reached XP level 9. HP: 20/78 MP: 9/9
  7367 | D:8      | Reached skill level 5 in Dodging
  7805 | D:8      | Reached skill level 9 in Axes
  7824 | D:8      | Reached *** piety under Okawaru
  8331 | D:9      | Noticed a two-headed ogre
  8344 | D:9      | Killed a two-headed ogre
  8344 | D:9      | Reached **** piety under Okawaru
  8345 | D:9      | Reached XP level 10. HP: 34/86 MP: 11/11
  8730 | D:9      | Found Zyippuat's Armour Shop.
  8846 | D:9      | Found a staircase to the Orcish Mines.
  8871 | D:9      | Found Ypseplou's Antique Weapon Boutique.
  8879 | D:9      | Bought a scorched hand axe for 208 gold pieces
  8879 | D:9      | Identified the +8 hand axe of Odghi {vorpal, rElec} (You
                  | bought it in a shop on level 9 of the Dungeon)
  8890 | D:9      | Found Taorchohi's Distillery.
  8903 | D:9      | Bought a potion of heal wounds for 65 gold pieces
  9186 | D:9      | Reached skill level 10 in Axes
  9851 | D:9      | Noticed a two-headed ogre
  9861 | D:9      | Killed a two-headed ogre
 10174 | D:9      | Reached skill level 10 in Armour
 10240 | D:9      | Reached ***** piety under Okawaru
 10446 | D:9      | Found a staircase to the Lair.
 10565 | D:10     | Entered Level 10 of the Dungeon
 10575 | D:10     | Noticed a purple ugly thing
 10582 | D:10     | Killed a purple ugly thing
 10734 | D:10     | Noticed a gargoyle
 10740 | D:10     | Killed a gargoyle
 10831 | D:10     | Reached XP level 11. HP: 93/95 MP: 13/13
 11073 | D:10     | Reached skill level 11 in Axes
 11379 | D:10     | Received a gift from Okawaru
 11450 | D:11     | Reached skill level 5 in Invocations
 11454 | D:11     | Found an opulent altar of Gozag.
 11808 | D:11     | Noticed an unseen horror
 11814 | D:11     | Killed an unseen horror
 12248 | Orc:1    | Entered Level 1 of the Orcish Mines
 12324 | Orc:1    | Found a runed translucent gate.
 12324 | Orc:1    | Found a runed translucent gate.
 12325 | Orc:1    | Found a runed translucent gate.
 12330 | Orc:1    | Noticed TarVian's ghost (journeyman MiFi)
 12953 | Orc:2    | Entered Level 2 of the Orcish Mines
 12960 | Orc:2    | Found Jezona's Antique Weapon Boutique.
 13258 | Orc:2    | Noticed an orc sorcerer
 13267 | Orc:2    | Killed an orc sorcerer
 13267 | Orc:2    | Received a gift from Okawaru
 13626 | Orc:2    | Found a staircase to the Elven Halls.
 13630 | Orc:2    | Noticed an orc sorcerer
 13642 | Orc:2    | Paralysed by an orc sorcerer for 2 turns
 13646 | Orc:2    | Killed an orc sorcerer
 13658 | Orc:2    | Reached skill level 12 in Axes
 13660 | Orc:2    | Noticed an orc sorcerer
 13662 | Orc:2    | Noticed an orc knight
 13663 | Orc:2    | Noticed an orc warlord
 13970 | Orc:2    | Noticed an orc high priest
 14025 | Orc:1    | Killed an orc warlord
 14205 | Orc:2    | Noticed an orc knight
 14214 | Orc:2    | Paralysed by an orc sorcerer for 7 turns
 14220 | Orc:2    | HP: 4/97 [ice devil[an orc high priest] (9)]
 14220 | Orc:2    | Slain by an ice devil

Illustrated notes

Levels and vault maps discovered:
D:1:      scummos_arrival_simple_fountains, layout_basic
D:2:      layout_loops_cross, lemuel_coloured_pillars_altar
D:3:      layout_loops_ring, bloody_makhleb
D:4:      layout_basic, tgw_xom, lemuel_doored_altar,
          minmay_temple_entry_stoned_glass, uniq_sigmund, uniq_blork_the_orc,
          uniq_duvessa
D:5:      layout_cave_pools, kennysheep_little_box, marbit_many_paths
D:6:      layout_loops_ring
D:7:      layout_basic, nrook_campfire, lemuel_flame_loot_1
D:8:      layout_rooms, zin_treasury, special_room [special_room_orc],
          uniq_erica
D:9:      layout_long_grid, erik_lair_dragon, orc_0_dummy, serial_shops,
          shop_fountains, shop, shop
D:10:     layout_stronghold
D:11:     layout_rooms, serial_corexii_hall, corexii_hall_statues_u,
          corexii_hall_statues_i, amcnicky_altar_gilded
Temple:   compressed_dpeg_circular_temple
Orc:1:    layout_diamond_mine, gammafunk_ghost_necromancy
Orc:2:    grunt_orc_cross, layout_caves, serial_shops, shop, uniq_urug

Skill      XL: |  1  2  3  4  5  6  7  8  9 10 11 |
---------------+----------------------------------+-----
Armour         | 4 5 7 9 10 11 | 11.7
Shields        | 4 5 6 7 8 9 |  9.3
Axes           | 3 4 5 6 8 9 10 12 | 12.1
Fighting       | 4 5 6 7 8 9 |  9.3
Dodging        | 1 2 3 4 5 6 7 |  7.6
Invocations    | 2 3 4 5 |  5.8

Action                   |  1- 3 |  4- 6 |  7- 9 | 10-12 || total
-------------------------+-------+-------+-------+-------++-------
Melee: War axe           |   111 |   130 |   181 |       ||   422
       Headbutt          |    13 |    26 |    64 |    76 ||   179
       Hand axe          |       |       |   165 |   369 ||   534
Invok: Heroism           |       |       |       |     2 ||     2
       Finesse           |       |       |       |     1 ||     1
Evoke: Wand              |       |       |       |     6 ||     6
  Use: Potion            |       |     1 |     3 |     1 ||     5
       Scroll            |       |       |       |     1 ||     1
Armor: Scale mail        |    50 |       |       |       ||    50
       Chain mail        |    15 |    63 |    54 |       ||   132
       Plate armour      |       |       |   130 |   161 ||   291
Dodge: Dodged            |    41 |    41 |    81 |    83 ||   246
Block: Kite shield       |    74 |    70 |   197 |   160 ||   501

Table legend: (Time is in decaauts)
 A = Elapsed time spent in this place.
 B = Non-inter-level travel time spent in this place.
 C = Inter-level travel time spent in this place.
 D = Time resting spent in this place.
 E = Time spent auto-exploring this place.
 F = Levels seen in this place.
 G = Mean time per level.
                   A        B        C        D        E       F      G
               +--------+--------+--------+--------+--------+-----+--------+
         Total |  14396 |  13919 |    477 |   3639 |   8211 |  14 | 1028.3 |
       Dungeon |  12375 |  11947 |    428 |   2781 |   7363 |  11 | 1125.0 |
        Temple |     73 |     64 |      9 |      0 |     63 |   1 |   73.0 |
  Orcish Mines |   1947 |   1907 |     40 |    858 |    785 |   2 |  973.5 |
               +--------+--------+--------+--------+--------+-----+--------+

Top non-repeatable levels by time:
     D:9: 2333 daAuts
     D:8: 1743 daAuts
   Orc:1: 1445 daAuts
     D:3: 1111 daAuts
     D:2: 1020 daAuts
     D:7: 976 daAuts
     D:4: 952 daAuts
     D:1: 944 daAuts
    D:10: 888 daAuts
     D:6: 883 daAuts
     D:5: 777 daAuts
    D:11: 744 daAuts
   Orc:2: 502 daAuts
  Temple: 73 daAuts
